 Dungeon Crawl Stone Soup version 0.29.1-12-g30fa7ad0bf (webtiles) character file.

Game seed: 8824980527487477961

9675 FexLirch the Thaumaturge (level 12, -3/96 HPs)
             Began as a Meteoran Earth Elementalist on Jan 5, 2023.
             Was a High Priest of Cheibriados.
             Slain by a very large slime creature (26 damage)
             ... on level 12 of the Dungeon.
             The game lasted 00:39:31 (3347 turns).

FexLirch the Thaumaturge (MeEE)                     Turns: 3347, Time: 00:39:31

Health: -3/96      AC: 13    Str: 20    XL:     12   Next: 8%
Magic:  5/31       EV: 20    Int: 35    God:    Cheibriados [*****.]
Gold:   434        SH:  0    Dex: 31    Spells: 29/40 levels left

rFire   . . .      SeeInvis .   g - staff of poison
rCold   . . .      Faith    .   (no shield)
rNeg    . . .      Spirit   .   k - +4 robe of Nemelex Xobeh's Esteem {Str-2 Int+3 Dex+2}
rPois   +          Reflect  .   o - +0 helmet
rElec   .          Harm     .   s - +0 cloak
rCorr   .          Rampage  .   S - +0 pair of gloves
Will    +....                   (no boots)
Stlth   +.........              (no amulet)
HPRegen 0.26/turn               m - +4 ring of protection
MPRegen 0.22/turn               x - +4 ring of slaying

@: contaminated, glowing, very slow
A: sense surroundings 2, otherworldly, glowing, explore regen
a: Renounce Religion, Bend Time, Temporal Distortion, Slouch, Step From Time


You were on level 12 of the Dungeon.
You worshipped Cheibriados.
Cheibriados was extremely pleased with you.
You visited 2 branches of the dungeon, and saw 15 of its levels.
You also visited: Ossuary.

You collected 462 gold pieces.
You spent 28 gold pieces at shops.

Inventory:

Hand Weapons
 F - a +0 vampiric great sword
 J - a +0 dagger of electrocution
 K - a +2 antimagic spear
 L - a +1 whip of pain
Missiles
 n - 3 curare-tipped darts
 y - 25 poisoned darts (quivered)
 G - 6 javelins
Armour
 a - a +0 robe
 k - the +4 robe of Nemelex Xobeh's Esteem (worn) {Str-2 Int+3 Dex+2}
   (You found it on level 6 of the Dungeon)

   Str:       It affects your strength (-2).
   Int:       It affects your intelligence (+3).
   Dex:       It affects your dexterity (+2).
 o - a +0 helmet (worn)
 s - a +0 cloak (worn)
 Q - a +0 troll leather armour
 S - a +0 pair of gloves (worn)
Magical Staves
 g - a staff of poison (weapon)
Jewellery
 m - a +4 ring of protection (left hand)
 x - a +4 ring of slaying (right hand)
 I - a ring of protection from fire
Wands
 C - a wand of mindburst (7)
 H - a wand of flame (6)
 O - a wand of digging (4)
Scrolls
 d - 5 scrolls of amnesia
 f - 4 scrolls of vulnerability
 h - 2 scrolls of immolation
 p - 2 scrolls of teleportation
 v - 3 scrolls of noise
 w - 2 scrolls of enchant armour
 z - 2 scrolls of poison
 A - 2 scrolls of fog {unknown}
 B - a scroll of torment {unknown}
 M - a scroll of acquirement {unknown}
 N - 2 scrolls of fear {unknown}
 P - a scroll of identify
Potions
 b - 5 potions of magic
 c - 2 potions of ambrosia
 e - 2 potions of curing
 i - 2 potions of lignification
 j - 2 potions of berserk rage
 l - a potion of attraction
 q - 2 potions of haste
 u - 2 potions of flight
 D - a potion of resistance
 E - a potion of might {unknown}
 R - a potion of mutation {unknown}


   Skills:
 + Level 6.1 Fighting
 + Level 7.2 Dodging
 - Level 1.4 Stealth
 * Level 14.6 Spellcasting
 - Level 5.0 Conjurations
 - Level 6.0 Transmutations
 + Level 3.9 Fire Magic
 - Level 6.0 Earth Magic
 - Level 3.5 Poison Magic
 + Level 5.3 Invocations


You had 29 spell levels left.
You knew the following spells:

 Your Spells              Type           Power      Damage    Failure   Level
a - Sandblast             Erth           100%       2d20      1%          1
b - Passwall              Tmut/Erth      50%        N/A       1%          2
c - Stone Arrow           Conj/Erth      100%       3d13      1%          3
d - Irradiate             Conj/Tmut      29%        3d21      4%          5

Your spell library contained the following spells:

 Spells                   Type           Power      Damage    Failure   Level
 Static Discharge         Conj/Air       43%        3-9/arc   1%          2
 Petrify                  Tmut/Erth      61%        N/A       1%          4
 Blade Hands              Tmut           30%        N/A       3%          5
 Gell's Gravitas          Tloc           25%        N/A       4%          3
 Lesser Beckoning         Tloc           25%        N/A       4%          3
 Teleport Other           Tloc           25%        N/A       4%          3
 Corpse Rot               Necr/Pois/Air  50%        N/A       10%         4
 Dispel Undead            Necr           25%        3d12      16%         4
 Lightning Bolt           Conj/Air       21%        1d36      16%         5
 Dragon Form              Tmut           30%        N/A       73%         7
 Death Channel            Necr           12%        N/A       93%         6
 Maxwell's Capacitive Co  Air            12%        ∞         100%        8


Dungeon Overview and Level Annotations

Branches:
Dungeon (14/15) Zot: 7938  Temple (1/1) D:6 Zot: 879    Lair (0/5) D:10
    Orc (0/2) D:9         Ossuary (visited)
 Vaults: D:13-14

Altars:
Ashenzari
Cheibriados
Elyvilon
Gozag
Hepliaklqana
Kikubaaqudgha
Makhleb
Nemelex Xobeh
Okawaru
Qazlal
Ru
Sif Muna
Uskayaw
Vehumet
Wu Jian
Xom
Zin

Shops:
D:1 (:*   D:4 :   D:9 [


Innate Abilities, Weirdness & Mutations

You passively map the area around you.
You are easily found by Zot.
You glow in the dark.
You regain HP and MP as you explore.


Message History

The titanic slime creature completely misses you.
Okay, then.
Okay, then.
Unknown command.
Unknown command.
Unknown command.
Okay, then.
Unknown command.
Press: ? - help, v - describe, . - travel
Here: a titanic slime creature (heavily wounded, misshapen and mutated)
An open door.
Unknown command.
Unknown command.
The titanic slime creature barely misses you.
The titanic slime creature attacks as you move away!
The titanic slime creature hits you!!!
Ouch! That really hurt!
You hear an angry buzzing noise. x2; You hear a shout!
The titanic slime creature closely misses you.
Okay, then.
Unknown command.
You feel much better. The titanic slime creature hits you!!
You feel much better. The titanic slime creature hits you!!!
* * * LOW HITPOINT WARNING * * *
You hear an angry buzzing noise.
The titanic slime creature attacks as you move away!
The titanic slime creature completely misses you.
There is an open door here.
A titanic slime creature splits.
Casting: Irradiate (dangerous; 4% risk of failure)
Confirm with . or Enter, or press ? or * to list all spells.
You erupt in a fountain of uncontrolled magic!
The large slime creature is blasted with magical radiation!!
The large slime creature is severely wounded.
The large slime creature twists and deforms.
The very large slime creature is blasted with magical radiation!!!
The very large slime creature is severely wounded.
The very large slime creature twists and deforms.
The very large slime creature hits you!!
You die...

, ,,#...###.#....#.#*
,#.......######.#
#<#...##########.###### #####
#.....................# #...#
#####.......####.####.#####.#.#
#.......####...##.#.....#.#
#..........<....#.#.#####.#
##+#####.....#####...# ,#..
#.........J@.# ##### #....
#......###J#.# #######.###
#......# #.#.# #.....####
#......# #.#.# * #........#
#......# #.#.. #.....^..##
######## #'#.# ##''#......
,...#######..#####.# .....
#.!#..).#†.#.# ,
......##!.'....!..#.#


You could see a very large slime creature (misshapen) and a large slime creature
(misshapen).

Vanquished Creatures
  2 hydras (D:13)
  Urug (D:10)
  An ugly thing (D:12)
  A manticore (D:11)
  An unseen horror (D:11)
  A kobold demonologist (D:11)
  2 trolls
  A hornet (D:6)
  5 slime creatures
  6 yaks (D:12)
  A wraith (D:11)
  2 acid dragons
  A water moccasin (D:8)
  An ice beast (D:7)
  11 orc warriors
  A black bear (D:5)
  A phantom (D:6)
  6 kobold brigands
  A bullfrog (D:7)
  A necrophage (D:6)
  A scorpion (D:6)
  A wight (D:8)
  A water moccasin zombie (D:6)
  8 killer bees
  4 howler monkeys
  A bullfrog zombie (D:6)
  A hound (D:4)
  5 orc priests
  2 jellies
  A gnoll bouda (D:7)
  An iguana (D:6)
  9 orc wizards
  A scorpion zombie (D:2)
  A mummy (Ossuary)
  6 gnolls
  5 adders
  A shadow imp (D:5)
  A white imp (D:7)
  An ufetubus (D:5)
  A dart slug (D:2)
  44 orcs
  5 spectral bats (Ossuary)
  3 ball pythons
  7 bats
  A bat skeleton (D:2)
  A bat zombie (D:2)
  5 endoplasms
  2 giant cockroaches
  10 goblins
  8 hobgoblins
  A ball python skeleton (D:2)
  4 bat simulacra (Ossuary)
  A frilled lizard (D:2)
  A giant cockroach zombie (D:2)
  12 gnoll zombies (Ossuary)
  2 goblin zombies (Ossuary)
  8 hobgoblin zombies (Ossuary)
  18 kobolds
  3 kobold simulacra (Ossuary)
  2 kobold zombies (Ossuary)
  6 orc zombies (Ossuary)
  A quokka skeleton (D:2)
  2 rats
  2 rat simulacra (Ossuary)
  3 spectral goblins (Ossuary)
  3 spectral kobolds (Ossuary)
  3 spectral rats (Ossuary)
257 creatures vanquished.

Notes
Turn   | Place    | Note
-------+----------+-------------------------------------------
     0 | D:1      | FexLirch the Meteoran Earth Elementalist began the quest
                  | for the Orb.
     0 | D:1      | Reached XP level 1. HP: 14/14 MP: 5/5
    73 | D:1      | Reached XP level 2. HP: 20/20 MP: 4/6
    83 | D:1      | Reached skill level 3 in Spellcasting
    83 | D:1      | Reached skill level 1 in Conjurations
   136 | D:1      | Found Jodus's General Store.
   160 | D:1      | Learned a level 2 spell: Passwall
   165 | D:1      | Bought a scroll of identify for 28 gold pieces
   173 | D:1      | Reached XP level 3. HP: 24/26 MP: 2/8
   200 | D:1      | Found Woti's Book Boutique.
   239 | D:1      | Found Oddecy's Weapon Emporium.
   347 | D:2      | Learned a level 3 spell: Stone Arrow
   424 | D:2      | Reached XP level 4. HP: 33/33 MP: 7/10
   574 | D:2      | Reached skill level 4 in Spellcasting
   574 | D:2      | Reached XP level 5. HP: 36/38 MP: 6/12
   619 | D:4      | Found Mupeesahee's Vocational Training.
   642 | D:4      | Reached skill level 5 in Earth Magic
   642 | D:4      | Reached XP level 6. HP: 15/45 MP: 8/13
   644 | D:4      | HP: 2/45 [killer bee (4)]
   677 | D:4      | Reached skill level 5 in Spellcasting
   694 | D:3      | Reached XP level 7. HP: 50/50 MP: 8/15
   744 | D:5      | Entered Level 5 of the Dungeon
   804 | D:5      | Reached skill level 6 in Spellcasting
   842 | D:5      | Found a shimmering altar of Xom.
   843 | D:5      | Found a hazy altar of Hepliaklqana.
   844 | D:5      | Noticed a spectral ugly thing
   889 | D:5      | Found a stormy altar of Qazlal.
   930 | D:6      | Noticed a hornet
   958 | D:6      | Found a staircase to the Ecumenical Temple.
   965 | D:6      | Reached skill level 7 in Spellcasting
   965 | D:6      | Reached XP level 8. HP: 52/57 MP: 1/20
   970 | Temple   | Entered the Ecumenical Temple
   979 | Temple   | Became a worshipper of Cheibriados the Contemplative
  1038 | D:6      | Reached skill level 8 in Spellcasting
  1126 | D:6      | Killed a hornet
  1127 | D:6      | Reached skill level 9 in Spellcasting
  1249 | D:6      | Reached skill level 10 in Spellcasting
  1249 | D:6      | Gained mutation: You passively map the area around you.
                  | [Meteoran growth]
  1249 | D:6      | Reached XP level 9. HP: 62/62 MP: 2/24
  1268 | D:6      | Identified the +4 robe of Nemelex Xobeh's Esteem {Str-2
                  | Int+3 Dex+2}
  1320 | D:5      | Found an iron altar of Okawaru.
  1364 | D:8      | Reached * piety under Cheibriados
  1367 | D:8      | Reached skill level 11 in Spellcasting
  1373 | D:8      | Found a sparkling altar of Nemelex Xobeh.
  1453 | D:8      | Found a sand-covered staircase.
  1459 | Ossuary  | Entered an ossuary
  1501 | Ossuary  | Learned a level 5 spell: Irradiate
  1549 | Ossuary  | Reached ** piety under Cheibriados
  1665 | Ossuary  | Reached *** piety under Cheibriados
  1777 | D:7      | Found Kom Dota's Mayhem Merchandise.
  1888 | D:7      | Reached skill level 1 in Fighting
  1985 | D:8      | Reached skill level 12 in Spellcasting
  2051 | D:9      | Reached **** piety under Cheibriados
  2092 | D:9      | Reached XP level 10. HP: 74/74 MP: 21/27
  2260 | D:9      | Found Foxecw's Armour Emporium.
  2260 | D:9      | Found a staircase to the Orcish Mines.
  2271 | D:9      | Reached skill level 5 in Dodging
  2271 | D:9      | Reached skill level 13 in Spellcasting
  2281 | D:10     | Entered Level 10 of the Dungeon
  2327 | D:11     | Reached skill level 1 in Invocations
  2372 | D:11     | Reached skill level 5 in Transmutations
  2409 | D:11     | Noticed a manticore
  2412 | D:11     | Killed a manticore
  2494 | D:10     | Noticed Urug
  2511 | D:10     | Killed Urug
  2512 | D:10     | Reached XP level 11. HP: 69/85 MP: 5/29
  2523 | D:10     | Found a radiant altar of Vehumet.
  2525 | D:10     | Found an opulent altar of Gozag.
  2539 | D:10     | Found a staircase to the Lair.
  2595 | D:10     | Reached ***** piety under Cheibriados
  2754 | D:11     | Reached skill level 5 in Conjurations
  2813 | D:11     | Reached skill level 5 in Fighting
  2813 | D:11     | Reached skill level 1 in Fire Magic
  2813 | D:11     | Reached skill level 1 in Poison Magic
  2831 | D:12     | Reached skill level 14 in Spellcasting
  2937 | D:13     | Noticed a seven-headed hydra
  2941 | D:13     | Killed a seven-headed hydra
  2947 | D:14     | Noticed an ogre mage
  2947 | D:14     | Noticed a two-headed ogre
  2947 | D:14     | Noticed a two-headed ogre
  2947 | D:14     | Noticed a two-headed ogre
  2947 | D:14     | Noticed a two-headed ogre
  2947 | D:14     | Noticed a two-headed ogre
  2947 | D:14     | Noticed a two-headed ogre
  3012 | D:14     | Noticed a centaur warrior
  3022 | D:13     | Noticed a five-headed hydra
  3029 | D:13     | Killed a five-headed hydra
  3030 | D:13     | Reached skill level 5 in Invocations
  3101 | D:13     | Reached XP level 12. HP: 96/96 MP: 24/31
  3347 | D:12     | Slain by a very large slime creature

Illustrated notes

Levels and vault maps discovered:
D:1:      dpeg_arrival_three_same_balls, layout_rooms, serial_shops,
          nicolae_shop_bloodbath_and_beyond, shop_fountains, shop_fountains
D:2:      layout_loops_corners, serial_undead, serial_undead_e, serial_undead_f,
          serial_undead_d, serial_undead_d
D:3:      layout_rooms, lemuel_tele_altar, hangedman_decor_growths
D:4:      layout_cave_pools, hangedman_decor_opposing, nicolae_shop_vocational
D:5:      layout_loops_corners, regret_index_temple_of_mockery,
          mainiacjoe_overflow_chevrons, overflow_temple_1_default,
          nicolae_qazlal_general_emergency, gammafunk_temple_overflow_pools
D:6:      layout_gridville, nicolae_yredelemnul_corpse_copse,
          minmay_temple_entry_mist, uniq_sigmund
D:7:      layout_loops_ring, hangedman_decor_clover_reticule, minmay_shop_mayhem
D:8:      layout_loops_ring, nemelex_xobeh_ov_fountains_minmay,
          nicolae_ossuary_entry_plus, chequers_serial_rivers_marsh,
          mrwooster_statue_mirror
D:9:      layout_roguey [special_room_orc], orc_david_3, billiards_dpeg
D:10:     lemuel_bear_cage, layout_basic, grunt_temple_overflow_open,
          lair_entry_dummy, minmay_shattered_shrine, uniq_urug
D:11:     layout_basic
D:12:     layout_basic, blue_anna_alchemist
D:13:     layout_irregular_city, minivault_28
D:14:     layout_roguey, skrybe_vaults_entry_preservation, uniq_azrael
Temple:   hellmonk_temple_micro_hex

Skill      XL: |  1  2  3  4  5  6  7  8  9 10 11 |
---------------+----------------------------------+-----
Spellcasting   | 3 4 5 7 10 12 13 14 | 14.6
Conjurations   | 1 2 3 4 5 |  5.0
Earth Magic    | 4 5 6 |  6.0
Fighting       | 2 4 6 |  6.1
Transmutations | 3 5 6 |  6.0
Dodging        | 3 5 7 |  7.2
Invocations    | 2 5 |  5.3
Fire Magic     | 3 |  3.9
Poison Magic   | 3 |  3.5
Stealth        | |  1.4

Action                   |  1- 3 |  4- 6 |  7- 9 | 10-12 || total
-------------------------+-------+-------+-------+-------++-------
Melee: Staff             |     1 |     1 |     1 |    10 ||    13
       Dagger            |       |       |       |     4 ||     4
Throw: Dart              |       |       |     7 |     1 ||     8
 Cast: Sandblast         |    44 |    40 |   124 |    70 ||   278
       Stone Arrow       |       |     2 |    64 |    63 ||   129
       Passwall          |       |       |     6 |    10 ||    16
       Irradiate         |       |       |       |    17 ||    17
Invok: Slouch            |       |       |     1 |       ||     1
Evoke: Wand              |       |       |       |     2 ||     2
  Use: Scroll            |       |     3 |     8 |     5 ||    16
       Potion            |       |     1 |       |     2 ||     3
Armor: Robe              |     6 |    21 |    41 |    38 ||   106
Dodge: Dodged            |     8 |    26 |    58 |    86 ||   178
